[ PARTIDA AOE2 · #479143027 ]
UnrankedLituanos vs Gurjaras
[ ANÁLISIS DE REPETICIÓN · EXTRAÍDO DE LA PARTIDA GRABADA ]
Feudal
13:33
Castillos
17:25
Imperial
—
| APM promedio | 26.9 |
| APM pico | 48 |
| eAPM promedio | 17.6 |
| Aldeanos / militares | 112 / 18 |
Foco
⚔️ 25.3% · 🌾 74.7%
Knight ×16 · Monk ×2
Feudal
13:50
Castillos
17:45
Imperial
—
| APM promedio | 33.3 |
| APM pico | 79 |
| eAPM promedio | 15.7 |
| Aldeanos / militares | 78 / 16 |
Foco
⚔️ 29.7% · 🌾 70.3%
Shrivamsha Rider ×11 · Scorpion ×2 · Armored Elephant ×2 · Scout Cavalry ×1
Feudal
13:59
Castillos
17:39
Imperial
—
| APM promedio | 28.5 |
| APM pico | 56 |
| eAPM promedio | 17.5 |
| Aldeanos / militares | 129 / 6 |
Foco
⚔️ 24.5% · 🌾 75.5%
Ratha (Ranged) ×2 · Armored Elephant ×2 · Monk ×1 · Mangonel ×1
Feudal
14:47
Castillos
31:39
Imperial
—
| APM promedio | 29.8 |
| APM pico | 56 |
| eAPM promedio | 18.4 |
| Aldeanos / militares | 43 / 14 |
Foco
⚔️ 29.8% · 🌾 70.2%
Archer ×12 · Spearman ×2
Feudal
15:35
Castillos
20:20
Imperial
—
| APM promedio | 26.9 |
| APM pico | 53 |
| eAPM promedio | 15.9 |
| Aldeanos / militares | 52 / 7 |
Foco
⚔️ 26.3% · 🌾 73.7%
Rattan Archer ×5 · Mangonel ×2
Feudal
14:44
Castillos
22:50
Imperial
—
| APM promedio | 16.1 |
| APM pico | 48 |
| eAPM promedio | 10.8 |
| Aldeanos / militares | 70 / 1 |
Foco
⚔️ 12.1% · 🌾 87.9%
Unknown (1944) ×8 · Scout Cavalry ×1
Feudal
13:15
Castillos
29:29
Imperial
—
| APM promedio | 31.7 |
| APM pico | 53 |
| eAPM promedio | 20.9 |
| Aldeanos / militares | 78 / 18 |
Foco
⚔️ 25.1% · 🌾 74.9%
Spearman ×11 · Militia ×7
Feudal
12:15
Castillos
17:30
Imperial
—
| APM promedio | 49.9 |
| APM pico | 87 |
| eAPM promedio | 15.7 |
| Aldeanos / militares | 66 / 44 |
Foco
⚔️ 29.4% · 🌾 70.6%
Cavalry Archer ×44
Mapa de la partida
Recursos iniciales + cada clic de construcción. Líneas = muros · curvas = relieve. ◆ oro · ⬟ piedra · ● bayas · ✦ reliquia · ◌ hueco del cierre
Tu base· Abierta — flanco sin cerrar
Base de bob· Abierta — flanco sin cerrar
Base de sbdelaowai· Abierta — hueco de 8t
Base de sillyoyo· Abierta — hueco de 1t
Base de _dRix4_· Abierta — flanco sin cerrar
Base de l7i3g0· Abierta — hueco de 6t
Base de thison· Abierta — flanco sin cerrar
Base de CSA_HW_Mercer· Abierta — flanco sin cerrar
Terreno inicial suavizado · ◌ = hueco del cierre detectado · pasá el cursor para detalles
Inputs por minuto
— NotUseful - - bob
Build order — NotUseful
Primeras 150 de 234 acciones detectadas
| 0:14 | Construir | Town Center |
| 2:30 | Construir | House |
| 2:37 | Crear | Villager (Male) |
| 2:38 | Crear | Villager (Male) |
| 2:38 | Crear | Villager (Male) |
| 2:38 | Crear | Villager (Male) |
| 2:38 | Crear | Villager (Male) |
| 2:58 | Construir | House |
| 3:35 | Construir | House |
| 3:41 | Crear | Villager (Male) |
| 4:22 | Crear | Villager (Male) |
| 4:23 | Crear | Villager (Male) |
| 4:24 | Construir | House |
| 4:51 | Investigar | Loom |
| 4:51 | Crear | Villager (Male) |
| 4:51 | Crear | Villager (Male) |
| 4:51 | Crear | Villager (Male) |
| 5:32 | Construir | House |
| 5:36 | Crear | Villager (Male) |
| 5:36 | Crear | Villager (Male) |
| 5:50 | Crear | Villager (Male) |
| 6:29 | Crear | Villager (Male) |
| 6:49 | Crear | Villager (Male) |
| 7:19 | Crear | Villager (Male) |
| 7:33 | Crear | Villager (Male) |
| 7:33 | Crear | Villager (Male) |
| 7:33 | Crear | Villager (Male) |
| 7:52 | Crear | Villager (Male) |
| 8:06 | Crear | Villager (Male) |
| 8:17 | Crear | Villager (Male) |
| 8:32 | Construir | Mill |
| 8:35 | Crear | Villager (Male) |
| 9:04 | Crear | Villager (Male) |
| 9:55 | Crear | Villager (Male) |
| 9:56 | Construir | House |
| 10:00 | Construir | House |
| 10:07 | Crear | Villager (Male) |
| 10:13 | Construir | Mining Camp |
| 10:22 | Construir | House |
| 10:32 | Crear | Villager (Male) |
| 10:32 | Crear | Villager (Male) |
| 11:21 | Investigar | Feudal Age |
| 12:33 | Crear | Villager (Male) |
| 12:34 | Crear | Villager (Male) |
| 13:33 | Edad | Edad Feudal |
| 13:38 | Construir | Market |
| 13:42 | Construir | Blacksmith |
| 13:50 | Construir | House |
| 14:23 | Construir | House |
| 14:45 | Investigar | Castle Age |
| 15:03 | Construir | Lumber Camp |
| 15:43 | Investigar | Double-Bit Axe |
| 16:27 | Investigar | Horse Collar |
| 16:37 | Construir | Farm |
| 16:49 | Construir | Farm |
| 16:53 | Crear | Villager (Male) |
| 17:25 | Edad | Edad de los Castillos |
| 17:26 | Construir | Town Center |
| 17:48 | Construir | Town Center |
| 17:59 | Crear | Villager (Male) |
| 18:02 | Construir | Farm |
| 18:06 | Construir | Farm |
| 18:15 | Construir | Farm |
| 18:37 | Construir | Palisade Wall |
| 18:39 | Construir | Palisade Wall |
| 18:45 | Construir | Palisade Wall |
| 18:51 | Construir | Palisade Wall |
| 18:54 | Construir | Palisade Wall |
| 18:57 | Construir | House |
| 19:00 | Construir | Palisade Wall |
| 19:04 | Construir | Palisade Wall |
| 19:08 | Crear | Villager (Male) |
| 19:11 | Construir | Palisade Wall |
| 19:24 | Construir | Farm |
| 19:25 | Crear | Villager (Male) |
| 19:27 | Crear | Villager (Male) ×5 |
| 19:30 | Construir | Farm |
| 19:34 | Construir | Farm |
| 19:34 | Construir | Farm |
| 19:35 | Construir | Farm |
| 19:41 | Crear | Villager (Male) |
| 20:12 | Construir | Farm |
| 20:13 | Construir | Farm |
| 20:16 | Crear | Villager (Male) |
| 20:16 | Crear | Villager (Male) |
| 20:18 | Construir | Farm |
| 20:19 | Construir | Farm |
| 20:26 | Construir | Farm |
| 20:28 | Construir | Farm |
| 20:28 | Crear | Villager (Male) |
| 20:45 | Construir | Farm |
| 20:50 | Crear | Villager (Male) |
| 20:52 | Construir | Farm |
| 20:55 | Construir | Farm |
| 21:18 | Crear | Villager (Male) |
| 21:18 | Crear | Villager (Male) |
| 21:23 | Construir | Farm |
| 21:29 | Crear | Villager (Male) |
| 21:32 | Construir | House |
| 21:39 | Construir | House |
| 21:41 | Construir | House |
| 21:49 | Crear | Villager (Male) |
| 21:50 | Crear | Villager (Male) |
| 21:52 | Construir | Farm |
| 21:56 | Construir | Farm |
| 22:00 | Construir | Farm |
| 22:04 | Crear | Villager (Male) |
| 22:04 | Crear | Villager (Male) |
| 22:12 | Construir | House |
| 22:18 | Crear | Villager (Male) |
| 22:18 | Crear | Villager (Male) |
| 22:26 | Construir | Farm |
| 22:31 | Crear | Villager (Male) |
| 22:31 | Crear | Villager (Male) |
| 22:38 | Crear | Villager (Male) |
| 22:52 | Construir | Monastery |
| 22:55 | Crear | Villager (Male) |
| 22:55 | Crear | Villager (Male) |
| 22:56 | Construir | House |
| 22:58 | Construir | House |
| 23:13 | Construir | Farm |
| 23:16 | Construir | Farm |
| 23:17 | Crear | Villager (Male) |
| 23:26 | Crear | Villager (Male) |
| 23:37 | Crear | Monk |
| 23:45 | Crear | Villager (Male) |
| 23:45 | Crear | Villager (Male) |
| 23:47 | Construir | House |
| 23:53 | Crear | Villager (Male) |
| 24:00 | Construir | Farm |
| 24:03 | Construir | Farm |
| 24:04 | Crear | Villager (Male) |
| 24:10 | Construir | House |
| 24:11 | Construir | House |
| 24:14 | Crear | Villager (Male) |
| 24:18 | Investigar | Scale Barding Armor |
| 24:20 | Crear | Villager (Male) |
| 24:25 | Construir | Farm |
| 24:29 | Crear | Monk |
| 24:32 | Construir | House |
| 24:54 | Crear | Villager (Male) |
| 24:54 | Crear | Villager (Male) |
| 24:56 | Construir | Farm |
| 24:59 | Crear | Villager (Male) |
| 25:11 | Construir | Farm |
| 25:13 | Construir | House |
| 25:14 | Construir | House |
| 25:14 | Construir | House |
| 25:33 | Construir | Farm |
| 25:38 | Crear | Villager (Male) |
Build order — bob
149 acciones detectadas en el replay
| 0:39 | Construir | Town Center |
| 2:27 | Crear | Villager (Male) |
| 2:28 | Crear | Villager (Male) |
| 2:28 | Crear | Villager (Male) |
| 2:28 | Crear | Villager (Male) |
| 2:37 | Construir | House |
| 3:26 | Construir | House |
| 3:53 | Crear | Villager (Male) |
| 4:46 | Crear | Villager (Male) |
| 5:04 | Investigar | Loom |
| 5:25 | Construir | House |
| 5:29 | Crear | Villager (Male) |
| 5:29 | Crear | Villager (Male) |
| 5:29 | Crear | Villager (Male) |
| 5:49 | Crear | Villager (Male) |
| 6:24 | Crear | Villager (Male) |
| 6:24 | Crear | Villager (Male) |
| 7:00 | Construir | Mill |
| 7:09 | Crear | Villager (Male) |
| 7:09 | Crear | Villager (Male) |
| 7:35 | Crear | Villager (Male) |
| 7:54 | Crear | Villager (Male) |
| 8:09 | Crear | Villager (Male) |
| 9:15 | Crear | Villager (Male) |
| 9:39 | Construir | Lumber Camp |
| 9:43 | Crear | Villager (Male) |
| 10:05 | Crear | Villager (Male) |
| 10:14 | Crear | Villager (Male) |
| 10:18 | Construir | House |
| 10:27 | Construir | Mill |
| 10:44 | Crear | Villager (Male) |
| 10:45 | Crear | Villager (Male) |
| 11:32 | Investigar | Feudal Age |
| 12:12 | Construir | Barracks |
| 12:47 | Crear | Villager (Male) |
| 13:50 | Edad | Edad Feudal |
| 13:52 | Construir | Stable |
| 13:55 | Construir | Blacksmith |
| 14:07 | Crear | Villager (Male) |
| 14:15 | Construir | House |
| 14:21 | Crear | Villager (Male) |
| 14:40 | Construir | Mill |
| 15:02 | Investigar | Castle Age |
| 15:25 | Construir | Mill |
| 15:46 | Crear | Scout Cavalry |
| 16:40 | Construir | Stable |
| 17:19 | Crear | Villager (Male) |
| 17:33 | Investigar | Scale Barding Armor |
| 17:45 | Edad | Edad de los Castillos |
| 17:47 | Crear | Shrivamsha Rider |
| 17:48 | Crear | Shrivamsha Rider |
| 17:48 | Crear | Shrivamsha Rider |
| 17:55 | Crear | Villager (Male) |
| 18:14 | Construir | Siege Workshop |
| 18:20 | Crear | Shrivamsha Rider |
| 18:20 | Crear | Shrivamsha Rider |
| 18:22 | Crear | Villager (Male) |
| 18:37 | Construir | Farm |
| 18:49 | Crear | Shrivamsha Rider |
| 18:49 | Crear | Shrivamsha Rider |
| 19:13 | Crear | Villager (Male) |
| 19:21 | Construir | House |
| 19:23 | Crear | Villager (Male) |
| 19:42 | Crear | Villager (Male) |
| 19:52 | Construir | Farm |
| 19:52 | Construir | Farm |
| 19:53 | Construir | Farm |
| 19:53 | Construir | Farm |
| 19:53 | Construir | Farm |
| 19:53 | Construir | Farm |
| 19:54 | Construir | Farm |
| 20:28 | Crear | Villager (Male) |
| 20:58 | Crear | Villager (Male) |
| 21:16 | Crear | Villager (Male) |
| 21:22 | Construir | House |
| 21:35 | Crear | Villager (Male) |
| 21:41 | Construir | Mill |
| 21:48 | Construir | Farm |
| 21:48 | Construir | Farm |
| 21:48 | Construir | Farm |
| 22:05 | Construir | House |
| 22:07 | Crear | Villager (Male) |
| 22:17 | Crear | Villager (Male) |
| 22:27 | Investigar | Husbandry |
| 22:37 | Crear | Villager (Male) |
| 23:10 | Construir | House |
| 23:20 | Crear | Armored Elephant |
| 23:43 | Crear | Villager (Male) |
| 23:54 | Crear | Armored Elephant |
| 24:03 | Crear | Villager (Male) |
| 24:12 | Crear | Villager (Male) |
| 24:16 | Construir | Town Center |
| 24:37 | Crear | Shrivamsha Rider |
| 24:37 | Crear | Shrivamsha Rider |
| 24:44 | Crear | Villager (Male) |
| 24:53 | Crear | Villager (Male) |
| 25:12 | Crear | Villager (Male) |
| 25:19 | Construir | Town Center |
| 25:20 | Crear | Villager (Male) |
| 25:33 | Crear | Villager (Male) |
| 25:44 | Crear | Shrivamsha Rider |
| 25:44 | Crear | Shrivamsha Rider |
| 26:06 | Crear | Villager (Male) |
| 26:30 | Crear | Villager (Male) |
| 26:30 | Crear | Villager (Male) |
| 26:45 | Crear | Villager (Male) |
| 27:08 | Construir | Farm |
| 27:09 | Crear | Villager (Male) |
| 27:17 | Crear | Villager (Male) |
| 27:17 | Crear | Villager (Male) |
| 27:30 | Crear | Villager (Male) |
| 27:36 | Construir | Farm |
| 27:36 | Construir | Farm |
| 27:36 | Construir | Farm |
| 27:37 | Construir | Farm |
| 27:46 | Construir | Farm |
| 27:46 | Construir | Farm |
| 27:47 | Crear | Villager (Male) |
| 27:51 | Construir | Market |
| 27:59 | Crear | Villager (Male) |
| 28:04 | Construir | Mill |
| 28:20 | Construir | Farm |
| 28:22 | Crear | Villager (Male) |
| 28:25 | Crear | Villager (Male) |
| 28:38 | Crear | Villager (Male) |
| 29:01 | Crear | Villager (Male) |
| 29:03 | Crear | Villager (Male) |
| 29:05 | Crear | Villager (Male) |
| 29:31 | Crear | Villager (Male) |
| 29:32 | Crear | Villager (Male) |
| 29:33 | Crear | Villager (Male) |
| 29:39 | Crear | Villager (Male) |
| 29:47 | Construir | University |
| 29:51 | Investigar | Double-Bit Axe |
| 29:54 | Crear | Villager (Male) |
| 30:09 | Crear | Villager (Male) |
| 30:17 | Crear | Villager (Male) |
| 30:22 | Crear | Villager (Male) |
| 30:27 | Crear | Villager (Male) |
| 30:37 | Crear | Villager (Male) |
| 30:40 | Investigar | Ballistics |
| 30:44 | Crear | Scorpion |
| 30:44 | Crear | Scorpion |
| 30:53 | Crear | Villager (Male) |
| 30:55 | Investigar | Bow Saw |
| 31:07 | Crear | Villager (Male) |
| 31:14 | Crear | Villager (Male) |
| 31:22 | Crear | Villager (Male) |
| 31:37 | Crear | Villager (Male) |
Build order — sbdelaowai
Primeras 150 de 265 acciones detectadas
| 0:58 | Construir | Town Center |
| 1:45 | Construir | House |
| 2:55 | Crear | Villager (Male) |
| 2:56 | Crear | Villager (Male) |
| 3:15 | Crear | Villager (Male) |
| 3:15 | Crear | Villager (Male) |
| 3:15 | Crear | Villager (Male) |
| 3:24 | Construir | House |
| 3:55 | Construir | House |
| 4:21 | Construir | House |
| 4:32 | Crear | Villager (Male) |
| 4:33 | Crear | Villager (Male) |
| 4:50 | Crear | Villager (Male) |
| 4:50 | Crear | Villager (Male) |
| 5:15 | Crear | Villager (Male) |
| 5:50 | Crear | Villager (Male) |
| 5:51 | Crear | Villager (Male) |
| 5:51 | Crear | Villager (Male) |
| 6:44 | Investigar | Loom |
| 7:05 | Crear | Villager (Male) |
| 7:05 | Crear | Villager (Male) |
| 7:05 | Crear | Villager (Male) |
| 7:19 | Crear | Villager (Male) |
| 7:19 | Crear | Villager (Male) |
| 7:33 | Crear | Villager (Male) |
| 7:34 | Crear | Villager (Male) |
| 7:59 | Construir | Mill |
| 8:11 | Crear | Villager (Male) |
| 8:11 | Crear | Villager (Male) |
| 8:44 | Construir | House |
| 9:28 | Crear | Villager (Male) |
| 9:36 | Crear | Villager (Male) |
| 10:08 | Construir | Mining Camp |
| 10:23 | Crear | Villager (Male) |
| 10:56 | Crear | Villager (Male) |
| 10:57 | Crear | Villager (Male) |
| 11:49 | Investigar | Feudal Age |
| 12:50 | Construir | House |
| 13:12 | Construir | House |
| 13:51 | Crear | Villager (Male) |
| 13:53 | Crear | Villager (Male) |
| 13:59 | Edad | Edad Feudal |
| 14:02 | Construir | Market |
| 14:05 | Construir | Blacksmith |
| 14:28 | Construir | House |
| 14:29 | Construir | Palisade Wall |
| 14:59 | Investigar | Castle Age |
| 15:26 | Construir | Outpost |
| 15:41 | Construir | Palisade Wall |
| 15:42 | Construir | Palisade Wall |
| 17:23 | Crear | Villager (Male) |
| 17:39 | Edad | Edad de los Castillos |
| 17:44 | Construir | Castle |
| 17:57 | Construir | Palisade Wall |
| 18:00 | Construir | Palisade Wall |
| 18:01 | Construir | Palisade Wall |
| 18:08 | Crear | Villager (Male) |
| 18:11 | Construir | Town Center |
| 18:14 | Crear | Villager (Male) |
| 18:51 | Construir | House |
| 19:01 | Crear | Villager (Male) |
| 19:01 | Crear | Villager (Male) |
| 19:08 | Construir | Town Center |
| 19:12 | Crear | Villager (Male) |
| 19:20 | Crear | Villager (Male) |
| 19:47 | Crear | Villager (Male) |
| 19:50 | Crear | Villager (Male) |
| 20:09 | Crear | Villager (Male) |
| 20:15 | Construir | Farm |
| 20:16 | Construir | Farm |
| 20:33 | Construir | Town Center |
| 20:36 | Crear | Villager (Male) |
| 20:37 | Crear | Villager (Male) |
| 20:52 | Crear | Villager (Male) |
| 20:53 | Crear | Villager (Male) |
| 20:53 | Crear | Villager (Male) |
| 20:59 | Construir | Farm |
| 21:00 | Construir | Farm |
| 21:05 | Construir | Mill |
| 21:12 | Crear | Villager (Male) |
| 21:13 | Crear | Villager (Male) |
| 21:13 | Crear | Villager (Male) |
| 21:15 | Construir | Farm |
| 21:31 | Construir | Farm |
| 21:32 | Construir | Farm |
| 21:33 | Construir | Farm |
| 21:48 | Construir | Farm |
| 21:56 | Crear | Villager (Male) |
| 21:56 | Crear | Villager (Male) |
| 21:59 | Construir | Farm |
| 22:24 | Crear | Villager (Male) |
| 22:24 | Crear | Villager (Male) |
| 22:38 | Construir | Siege Workshop |
| 22:41 | Crear | Villager (Male) |
| 22:41 | Crear | Villager (Male) |
| 22:46 | Construir | Farm |
| 22:48 | Construir | Farm |
| 22:53 | Crear | Villager (Male) |
| 22:53 | Crear | Villager (Male) |
| 22:54 | Crear | Villager (Male) |
| 23:04 | Construir | Farm |
| 23:07 | Construir | Farm |
| 23:11 | Crear | Villager (Male) |
| 23:11 | Crear | Villager (Male) |
| 23:19 | Crear | Villager (Male) |
| 23:19 | Crear | Villager (Male) |
| 23:24 | Crear | Ratha (Ranged) |
| 23:33 | Construir | House |
| 23:35 | Crear | Armored Elephant |
| 23:45 | Crear | Villager (Male) |
| 23:45 | Crear | Villager (Male) |
| 23:45 | Crear | Villager (Male) |
| 23:48 | Crear | Mangonel |
| 23:58 | Construir | Monastery |
| 24:01 | Crear | Villager (Male) |
| 24:01 | Crear | Villager (Male) |
| 24:02 | Crear | Villager (Male) |
| 24:08 | Construir | House |
| 24:16 | Crear | Villager (Male) |
| 24:16 | Crear | Villager (Male) |
| 24:16 | Crear | Villager (Male) |
| 24:21 | Construir | Farm |
| 24:27 | Construir | Farm |
| 24:34 | Investigar | Horse Collar |
| 24:34 | Investigar | Horse Collar |
| 24:51 | Construir | Farm |
| 24:57 | Construir | Lumber Camp |
| 25:01 | Crear | Villager (Male) |
| 25:01 | Crear | Villager (Male) |
| 25:02 | Crear | Villager (Male) |
| 25:02 | Crear | Villager (Male) |
| 25:03 | Crear | Villager (Male) |
| 25:03 | Crear | Villager (Male) |
| 25:07 | Construir | House |
| 25:10 | Crear | Villager (Male) |
| 25:10 | Crear | Villager (Male) |
| 25:10 | Crear | Villager (Male) |
| 25:28 | Crear | Villager (Male) |
| 25:28 | Crear | Villager (Male) |
| 25:28 | Crear | Villager (Male) |
| 25:33 | Construir | Farm |
| 25:35 | Construir | Farm |
| 25:40 | Construir | Farm |
| 25:43 | Construir | Farm |
| 25:50 | Construir | House |
| 25:51 | Construir | House |
| 25:52 | Construir | House |
| 25:53 | Construir | Stone Wall |
| 25:56 | Investigar | Double-Bit Axe |
| 25:56 | Investigar | Double-Bit Axe |
Build order — sillyoyo
Primeras 150 de 157 acciones detectadas
| 0:11 | Construir | Town Center |
| 1:12 | Construir | House |
| 2:32 | Construir | House |
| 2:47 | Crear | Villager (Male) |
| 2:47 | Crear | Villager (Male) |
| 2:47 | Crear | Villager (Male) |
| 4:08 | Crear | Villager (Male) |
| 4:09 | Crear | Villager (Male) |
| 4:09 | Crear | Villager (Male) |
| 4:09 | Crear | Villager (Male) |
| 4:36 | Construir | House |
| 4:51 | Crear | Villager (Male) |
| 4:52 | Crear | Villager (Male) |
| 5:17 | Construir | Mill |
| 5:57 | Investigar | Loom |
| 6:36 | Crear | Villager (Male) |
| 6:59 | Crear | Villager (Male) |
| 7:01 | Construir | House |
| 7:07 | Construir | Mill |
| 7:16 | Crear | Villager (Male) |
| 7:17 | Crear | Villager (Male) |
| 7:17 | Crear | Villager (Male) |
| 7:49 | Crear | Villager (Male) |
| 8:03 | Construir | House |
| 8:35 | Crear | Villager (Male) |
| 8:35 | Crear | Villager (Male) |
| 8:59 | Crear | Villager (Male) |
| 9:12 | Construir | House |
| 9:23 | Crear | Villager (Male) |
| 9:23 | Crear | Villager (Male) |
| 9:24 | Crear | Villager (Male) |
| 10:15 | Crear | Villager (Male) |
| 10:19 | Construir | House |
| 11:09 | Construir | Mining Camp |
| 11:28 | Crear | Villager (Male) |
| 11:38 | Crear | Villager (Male) |
| 12:01 | Crear | Villager (Male) |
| 12:05 | Construir | Palisade Wall |
| 12:18 | Crear | Villager (Male) |
| 12:18 | Crear | Villager (Male) |
| 12:43 | Investigar | Feudal Age |
| 12:57 | Construir | Lumber Camp |
| 13:18 | Construir | Barracks |
| 13:19 | Construir | House |
| 13:40 | Construir | Outpost |
| 13:45 | Construir | Outpost |
| 14:11 | Construir | Palisade Wall |
| 14:47 | Edad | Edad Feudal |
| 14:50 | Crear | Villager (Male) |
| 14:56 | Construir | Archery Range |
| 14:58 | Construir | Blacksmith |
| 15:08 | Crear | Villager (Male) |
| 15:11 | Construir | Palisade Wall |
| 15:40 | Crear | Villager (Male) |
| 15:43 | Investigar | Fletching |
| 15:46 | Construir | House |
| 15:47 | Crear | Archer |
| 15:47 | Crear | Archer |
| 15:55 | Crear | Archer |
| 15:55 | Crear | Archer |
| 16:06 | Construir | House |
| 16:07 | Crear | Villager (Male) |
| 16:12 | Construir | Palisade Wall |
| 16:19 | Crear | Villager (Male) |
| 16:19 | Crear | Villager (Male) |
| 16:24 | Crear | Archer |
| 16:24 | Crear | Archer |
| 16:38 | Construir | Palisade Wall |
| 16:40 | Construir | Palisade Wall |
| 16:43 | Crear | Archer |
| 16:43 | Crear | Archer |
| 16:48 | Construir | Palisade Wall |
| 16:49 | Construir | Palisade Wall |
| 16:51 | Construir | Palisade Wall |
| 16:55 | Construir | Palisade Wall |
| 16:57 | Construir | Palisade Wall |
| 16:59 | Construir | Palisade Wall |
| 17:13 | Construir | Palisade Wall |
| 17:16 | Construir | Palisade Wall |
| 17:20 | Construir | Palisade Wall |
| 17:33 | Crear | Archer |
| 17:34 | Crear | Archer |
| 17:59 | Construir | Palisade Wall |
| 18:01 | Construir | Palisade Wall |
| 18:11 | Crear | Archer |
| 18:11 | Crear | Archer |
| 18:23 | Construir | Mill |
| 18:24 | Construir | Farm |
| 18:25 | Construir | Farm |
| 18:25 | Construir | Farm |
| 18:25 | Construir | Farm |
| 18:25 | Construir | Farm |
| 18:25 | Construir | Farm |
| 18:48 | Construir | Palisade Wall |
| 18:53 | Crear | Spearman |
| 18:53 | Crear | Spearman |
| 19:02 | Construir | House |
| 19:05 | Construir | Palisade Wall |
| 19:06 | Construir | House |
| 19:08 | Construir | House |
| 19:10 | Construir | House |
| 19:12 | Construir | House |
| 19:16 | Construir | House |
| 20:13 | Construir | Market |
| 20:17 | Construir | House |
| 20:24 | Construir | Palisade Wall |
| 20:27 | Construir | Palisade Wall |
| 20:32 | Construir | Market |
| 20:39 | Construir | House |
| 20:41 | Construir | House |
| 20:43 | Construir | House |
| 21:47 | Construir | House |
| 22:44 | Construir | Town Center |
| 23:51 | Construir | Farm |
| 23:53 | Construir | Farm |
| 23:55 | Construir | Farm |
| 23:56 | Construir | Farm |
| 24:20 | Crear | Villager (Male) |
| 24:38 | Construir | Farm |
| 24:41 | Construir | Farm |
| 24:44 | Construir | Farm |
| 24:53 | Crear | Villager (Male) |
| 24:58 | Construir | Palisade Wall |
| 25:01 | Construir | Palisade Wall |
| 25:04 | Construir | Palisade Wall |
| 25:21 | Crear | Villager (Male) |
| 25:22 | Crear | Villager (Male) |
| 25:22 | Crear | Villager (Male) |
| 25:22 | Crear | Villager (Male) |
| 25:52 | Construir | Farm |
| 25:53 | Construir | Farm |
| 26:08 | Crear | Villager (Male) |
| 26:28 | Construir | House |
| 26:59 | Construir | Farm |
| 27:04 | Construir | Farm |
| 27:08 | Construir | Farm |
| 27:16 | Crear | Villager (Male) |
| 27:17 | Crear | Villager (Male) |
| 27:27 | Construir | Farm |
| 27:57 | Crear | Villager (Male) |
| 28:07 | Construir | Palisade Wall |
| 28:51 | Construir | Farm |
| 29:13 | Investigar | Castle Age |
| 29:22 | Investigar | Double-Bit Axe |
| 29:22 | Investigar | Double-Bit Axe |
| 29:59 | Investigar | Horse Collar |
| 29:59 | Investigar | Horse Collar |
| 31:24 | Construir | Farm |
| 31:39 | Edad | Edad de los Castillos |
| 31:42 | Investigar | Town Watch |
Build order — _dRix4_
125 acciones detectadas en el replay
| 0:43 | Construir | Town Center |
| 2:36 | Construir | House |
| 2:42 | Crear | Villager (Male) |
| 2:42 | Crear | Villager (Male) |
| 2:43 | Crear | Villager (Male) |
| 2:43 | Crear | Villager (Male) |
| 2:43 | Crear | Villager (Male) |
| 3:07 | Crear | Villager (Male) |
| 3:29 | Crear | Villager (Male) |
| 3:29 | Crear | Villager (Male) |
| 4:18 | Crear | Villager (Male) |
| 4:33 | Investigar | Loom |
| 4:42 | Construir | House |
| 4:51 | Crear | Villager (Male) |
| 5:02 | Construir | Palisade Wall |
| 5:19 | Crear | Villager (Male) |
| 5:20 | Crear | Villager (Male) |
| 6:10 | Crear | Villager (Male) |
| 6:10 | Crear | Villager (Male) |
| 6:57 | Crear | Villager (Male) |
| 6:59 | Construir | Mill |
| 7:31 | Construir | House |
| 7:39 | Crear | Villager (Male) |
| 7:50 | Construir | Palisade Wall |
| 8:00 | Crear | Villager (Male) |
| 8:36 | Crear | Villager (Male) |
| 8:53 | Construir | Mill |
| 8:56 | Crear | Villager (Male) |
| 9:07 | Construir | House |
| 9:10 | Crear | Villager (Male) |
| 9:29 | Crear | Villager (Male) |
| 9:33 | Construir | Farm |
| 9:50 | Crear | Villager (Male) |
| 10:08 | Construir | Farm |
| 10:22 | Crear | Villager (Male) |
| 10:31 | Construir | Farm |
| 10:52 | Construir | House |
| 10:55 | Crear | Villager (Male) |
| 11:01 | Construir | Farm |
| 11:30 | Crear | Villager (Male) |
| 11:34 | Construir | Farm |
| 11:57 | Construir | Farm |
| 12:02 | Construir | House |
| 12:04 | Construir | House |
| 12:21 | Crear | Villager (Male) |
| 12:33 | Construir | Mining Camp |
| 12:57 | Crear | Villager (Male) |
| 13:03 | Construir | Mill |
| 13:10 | Construir | Farm |
| 13:25 | Investigar | Feudal Age |
| 13:48 | Construir | Farm |
| 14:13 | Construir | House |
| 14:22 | Construir | Farm |
| 14:49 | Construir | Outpost |
| 14:56 | Construir | Farm |
| 15:35 | Edad | Edad Feudal |
| 15:39 | Crear | Villager (Male) |
| 16:01 | Construir | Market |
| 16:10 | Construir | Market |
| 16:15 | Construir | House |
| 16:20 | Crear | Villager (Male) |
| 16:21 | Crear | Villager (Male) |
| 16:52 | Construir | Blacksmith |
| 17:14 | Investigar | Town Watch |
| 17:17 | Construir | House |
| 17:40 | Investigar | Castle Age |
| 17:54 | Construir | Watch Tower |
| 18:39 | Construir | Palisade Gate |
| 18:46 | Construir | Palisade Gate |
| 19:59 | Construir | Lumber Camp |
| 20:20 | Edad | Edad de los Castillos |
| 21:02 | Construir | Castle |
| 21:08 | Crear | Villager (Male) |
| 21:57 | Construir | Town Center |
| 22:16 | Construir | Mining Camp |
| 22:25 | Crear | Villager (Male) |
| 22:32 | Crear | Villager (Male) |
| 22:56 | Construir | Farm |
| 23:30 | Construir | Farm |
| 23:49 | Crear | Rattan Archer |
| 23:49 | Crear | Rattan Archer |
| 24:12 | Crear | Villager (Male) |
| 24:32 | Construir | Farm |
| 24:34 | Construir | Farm |
| 24:39 | Crear | Rattan Archer |
| 24:45 | Crear | Rattan Archer |
| 24:45 | Crear | Rattan Archer |
| 24:53 | Crear | Villager (Male) |
| 25:04 | Construir | Farm |
| 25:07 | Construir | Farm |
| 25:23 | Construir | Farm |
| 25:24 | Crear | Villager (Male) |
| 25:30 | Construir | Farm |
| 25:49 | Crear | Villager (Male) |
| 26:19 | Crear | Villager (Male) |
| 26:39 | Crear | Villager (Male) |
| 26:41 | Construir | Farm |
| 26:52 | Crear | Villager (Male) |
| 26:56 | Construir | Siege Workshop |
| 27:16 | Construir | Farm |
| 27:17 | Crear | Villager (Male) |
| 27:55 | Crear | Mangonel |
| 27:57 | Crear | Villager (Male) |
| 28:05 | Construir | Town Center |
| 28:16 | Crear | Villager (Male) |
| 28:20 | Construir | Farm |
| 28:51 | Investigar | Wheelbarrow |
| 29:08 | Crear | Mangonel |
| 29:24 | Construir | Town Center |
| 29:34 | Crear | Villager (Male) |
| 29:34 | Crear | Villager (Male) |
| 29:39 | Crear | Villager (Male) |
| 29:40 | Crear | Villager (Male) |
| 29:45 | Investigar | Double-Bit Axe |
| 29:45 | Investigar | Double-Bit Axe |
| 30:19 | Crear | Villager (Male) |
| 30:20 | Crear | Villager (Male) |
| 30:21 | Crear | Villager (Male) |
| 30:21 | Crear | Villager (Male) |
| 30:35 | Construir | Farm |
| 30:37 | Construir | Farm |
| 30:41 | Construir | Farm |
| 30:47 | Investigar | Horse Collar |
| 30:47 | Investigar | Horse Collar |
| 30:50 | Crear | Villager (Male) |
Build order — l7i3g0
Primeras 150 de 151 acciones detectadas
| 0:54 | Construir | Town Center |
| 2:27 | Construir | House |
| 2:31 | Investigar | Loom |
| 2:32 | Crear | Villager (Male) |
| 2:32 | Crear | Villager (Male) |
| 2:32 | Crear | Villager (Male) |
| 2:32 | Crear | Villager (Male) |
| 3:17 | Construir | Mill |
| 4:43 | Crear | Villager (Male) |
| 4:43 | Crear | Villager (Male) |
| 4:50 | Construir | House |
| 5:24 | Crear | Villager (Male) |
| 5:24 | Crear | Villager (Male) |
| 6:37 | Crear | Villager (Male) |
| 7:04 | Crear | Villager (Male) |
| 7:04 | Crear | Villager (Male) |
| 7:04 | Crear | Villager (Male) |
| 7:05 | Crear | Villager (Male) |
| 7:21 | Crear | Villager (Male) |
| 7:21 | Crear | Villager (Male) |
| 7:54 | Construir | House |
| 7:58 | Crear | Villager (Male) |
| 8:58 | Construir | House |
| 9:03 | Crear | Villager (Male) |
| 9:03 | Crear | Villager (Male) |
| 9:03 | Crear | Villager (Male) |
| 9:05 | Crear | Villager (Male) |
| 9:05 | Crear | Villager (Male) |
| 9:05 | Crear | Villager (Male) |
| 9:06 | Crear | Villager (Male) |
| 9:18 | Crear | Villager (Male) |
| 9:18 | Crear | Villager (Male) |
| 9:31 | Crear | Villager (Male) |
| 9:31 | Crear | Villager (Male) |
| 10:04 | Construir | Lumber Camp |
| 10:56 | Construir | Mill |
| 11:39 | Crear | Villager (Male) |
| 12:34 | Investigar | Feudal Age |
| 13:12 | Construir | House |
| 13:21 | Construir | Palisade Wall |
| 13:25 | Construir | Palisade Gate |
| 13:28 | Construir | House |
| 13:38 | Construir | Barracks |
| 13:42 | Crear | Villager (Male) |
| 13:43 | Crear | Villager (Male) |
| 13:56 | Crear | Villager (Male) |
| 13:58 | Crear | Villager (Male) |
| 14:30 | Construir | Farm |
| 14:39 | Construir | Palisade Wall |
| 14:42 | Construir | Palisade Gate |
| 14:44 | Edad | Edad Feudal |
| 14:51 | Construir | Stable |
| 15:01 | Crear | Villager (Male) |
| 15:01 | Crear | Villager (Male) |
| 15:23 | Crear | Villager (Male) |
| 15:37 | Crear | Scout Cavalry |
| 15:54 | Crear | Villager (Male) |
| 16:19 | Crear | Villager (Male) |
| 16:32 | Construir | Archery Range |
| 16:33 | Construir | House |
| 16:53 | Crear | Villager (Male) |
| 17:07 | Crear | Villager (Male) |
| 18:03 | Construir | Market |
| 19:16 | Construir | Palisade Wall |
| 19:20 | Construir | Palisade Gate |
| 19:55 | Construir | House |
| 20:03 | Construir | Blacksmith |
| 20:10 | Investigar | Castle Age |
| 20:41 | Construir | Mill |
| 20:54 | Investigar | Bloodlines |
| 21:10 | Construir | Farm |
| 21:11 | Construir | Farm |
| 21:12 | Construir | Farm |
| 21:14 | Construir | Farm |
| 21:44 | Construir | Palisade Wall |
| 21:54 | Crear | Villager (Male) |
| 21:55 | Crear | Villager (Male) |
| 22:11 | Construir | Palisade Gate |
| 22:13 | Construir | House |
| 22:15 | Construir | House |
| 22:24 | Investigar | Horse Collar |
| 22:30 | Construir | Farm |
| 22:44 | Construir | Farm |
| 22:50 | Edad | Edad de los Castillos |
| 22:55 | Construir | Town Center |
| 22:59 | Crear | Villager (Male) |
| 23:00 | Crear | Villager (Male) |
| 23:05 | Crear | Unit 1944 |
| 23:05 | Crear | Unit 1944 |
| 23:26 | Crear | Villager (Male) |
| 23:41 | Construir | Palisade Gate |
| 23:47 | Crear | Villager (Male) |
| 23:52 | Construir | Farm |
| 23:56 | Construir | Farm |
| 24:08 | Construir | Town Center |
| 24:18 | Construir | Farm |
| 24:20 | Crear | Villager (Male) |
| 24:21 | Crear | Villager (Male) |
| 24:27 | Crear | Villager (Male) |
| 24:44 | Crear | Villager (Male) |
| 24:48 | Construir | Farm |
| 24:51 | Crear | Villager (Male) |
| 24:57 | Construir | Farm |
| 24:59 | Crear | Villager (Male) |
| 25:21 | Construir | Mill |
| 25:30 | Construir | Farm |
| 25:37 | Crear | Villager (Male) |
| 25:37 | Crear | Villager (Male) |
| 25:40 | Construir | Farm |
| 25:44 | Crear | Villager (Male) |
| 25:46 | Crear | Villager (Male) |
| 25:57 | Construir | Farm |
| 25:59 | Construir | Farm |
| 26:12 | Crear | Unit 1944 |
| 26:13 | Crear | Unit 1944 |
| 26:16 | Construir | Farm |
| 26:40 | Crear | Villager (Male) |
| 26:40 | Crear | Villager (Male) |
| 26:44 | Construir | Farm |
| 26:52 | Construir | Farm |
| 26:56 | Crear | Villager (Male) |
| 27:02 | Construir | Farm |
| 27:06 | Construir | Farm |
| 27:12 | Construir | Farm |
| 27:13 | Construir | Farm |
| 27:17 | Crear | Villager (Male) |
| 27:17 | Crear | Villager (Male) |
| 27:24 | Construir | Farm |
| 27:32 | Construir | Farm |
| 27:38 | Crear | Villager (Male) |
| 27:38 | Crear | Villager (Male) |
| 27:41 | Crear | Villager (Male) |
| 27:46 | Crear | Villager (Male) |
| 27:47 | Crear | Villager (Male) |
| 27:58 | Investigar | Husbandry |
| 28:10 | Construir | Farm |
| 28:12 | Crear | Villager (Male) |
| 28:18 | Construir | Farm |
| 28:22 | Crear | Villager (Male) |
| 28:30 | Crear | Villager (Male) |
| 28:30 | Crear | Villager (Male) |
| 28:48 | Crear | Villager (Male) |
| 28:53 | Crear | Unit 1944 |
| 28:53 | Crear | Unit 1944 |
| 29:00 | Construir | Farm |
| 29:32 | Crear | Unit 1944 |
| 29:32 | Crear | Unit 1944 |
| 29:42 | Construir | Mining Camp |
| 29:50 | Construir | Castle |
| 30:24 | Construir | Castle |
Build order — thison
Primeras 150 de 177 acciones detectadas
| 0:23 | Construir | Town Center |
| 0:32 | Construir | House |
| 2:45 | Crear | Villager (Male) |
| 2:46 | Crear | Villager (Male) |
| 2:46 | Crear | Villager (Male) |
| 2:46 | Crear | Villager (Male) |
| 2:53 | Construir | Lumber Camp |
| 3:43 | Investigar | Loom |
| 4:16 | Construir | House |
| 4:48 | Crear | Villager (Male) |
| 4:48 | Crear | Villager (Male) |
| 4:48 | Crear | Villager (Male) |
| 5:51 | Crear | Villager (Male) |
| 5:51 | Crear | Villager (Male) |
| 5:52 | Crear | Villager (Male) |
| 6:14 | Construir | House |
| 6:16 | Crear | Villager (Male) |
| 6:17 | Crear | Villager (Male) |
| 6:27 | Construir | Palisade Wall |
| 6:31 | Crear | Villager (Male) |
| 6:31 | Crear | Villager (Male) |
| 7:38 | Crear | Villager (Male) |
| 7:38 | Crear | Villager (Male) |
| 7:39 | Crear | Villager (Male) |
| 7:54 | Crear | Villager (Male) |
| 7:54 | Crear | Villager (Male) |
| 8:11 | Crear | Villager (Male) |
| 8:12 | Crear | Villager (Male) |
| 8:46 | Crear | Villager (Male) |
| 8:46 | Crear | Villager (Male) |
| 8:46 | Crear | Villager (Male) |
| 9:00 | Construir | House |
| 9:08 | Crear | Villager (Male) |
| 9:08 | Crear | Villager (Male) |
| 9:28 | Construir | Mill |
| 9:52 | Construir | House |
| 10:12 | Construir | Palisade Wall |
| 10:31 | Crear | Villager (Male) |
| 10:31 | Crear | Villager (Male) |
| 10:40 | Construir | House |
| 11:05 | Investigar | Feudal Age |
| 11:05 | Investigar | Feudal Age |
| 11:39 | Crear | Villager (Male) |
| 11:46 | Construir | Mining Camp |
| 12:14 | Crear | Villager (Male) |
| 12:28 | Construir | Barracks |
| 13:02 | Crear | Militia |
| 13:02 | Crear | Militia |
| 13:02 | Crear | Militia |
| 13:14 | Crear | Villager (Male) |
| 13:14 | Crear | Villager (Male) |
| 13:15 | Edad | Edad Feudal |
| 13:33 | Construir | Watch Tower |
| 13:45 | Construir | Watch Tower |
| 13:55 | Investigar | Man-at-Arms (upgrade) |
| 13:55 | Investigar | Man-at-Arms (upgrade) |
| 14:08 | Construir | House |
| 14:30 | Crear | Villager (Male) |
| 14:30 | Crear | Villager (Male) |
| 14:52 | Construir | Mining Camp |
| 15:03 | Crear | Villager (Male) |
| 15:36 | Construir | Watch Tower |
| 15:56 | Construir | Blacksmith |
| 16:07 | Crear | Villager (Male) |
| 16:07 | Crear | Villager (Male) |
| 16:08 | Crear | Villager (Male) |
| 17:08 | Construir | Watch Tower |
| 17:19 | Investigar | Fletching |
| 17:39 | Crear | Militia |
| 17:39 | Crear | Militia |
| 18:38 | Crear | Villager (Male) |
| 18:39 | Crear | Villager (Male) |
| 18:39 | Crear | Villager (Male) |
| 18:39 | Crear | Villager (Male) |
| 19:00 | Crear | Militia |
| 19:00 | Crear | Militia |
| 19:16 | Investigar | Horse Collar |
| 19:32 | Construir | Watch Tower |
| 20:16 | Construir | House |
| 20:18 | Construir | House |
| 20:29 | Construir | House |
| 20:35 | Construir | House |
| 20:40 | Construir | House |
| 21:11 | Construir | Watch Tower |
| 21:29 | Construir | Watch Tower |
| 21:45 | Construir | Farm |
| 21:46 | Construir | Farm |
| 22:01 | Construir | House |
| 22:11 | Construir | Farm |
| 22:12 | Construir | Farm |
| 22:13 | Construir | Farm |
| 22:24 | Construir | Watch Tower |
| 22:32 | Construir | Mill |
| 22:36 | Crear | Villager (Male) |
| 22:36 | Crear | Villager (Male) |
| 22:39 | Construir | Farm |
| 22:39 | Construir | Farm |
| 22:40 | Construir | Farm |
| 22:57 | Crear | Villager (Male) |
| 22:57 | Crear | Villager (Male) |
| 23:08 | Construir | Farm |
| 23:10 | Crear | Villager (Male) |
| 23:10 | Crear | Villager (Male) |
| 23:40 | Investigar | Double-Bit Axe |
| 23:41 | Crear | Villager (Male) |
| 23:41 | Crear | Villager (Male) |
| 24:09 | Crear | Villager (Male) |
| 24:09 | Crear | Villager (Male) |
| 24:12 | Construir | Farm |
| 24:14 | Crear | Villager (Male) |
| 24:57 | Crear | Villager (Male) |
| 25:10 | Construir | Market |
| 25:11 | Construir | House |
| 25:16 | Construir | Palisade Wall |
| 25:44 | Construir | Farm |
| 25:46 | Construir | Farm |
| 25:47 | Construir | Farm |
| 25:49 | Construir | Farm |
| 25:54 | Construir | Mill |
| 26:14 | Crear | Villager (Male) |
| 26:15 | Crear | Villager (Male) |
| 26:15 | Crear | Villager (Male) |
| 26:15 | Crear | Villager (Male) |
| 26:49 | Investigar | Castle Age |
| 26:49 | Investigar | Castle Age |
| 28:02 | Construir | Barracks |
| 28:07 | Construir | House |
| 28:09 | Construir | Palisade Wall |
| 28:11 | Investigar | Scale Mail Armor |
| 28:14 | Crear | Villager (Male) |
| 28:57 | Construir | House |
| 28:59 | Construir | House |
| 29:00 | Construir | House |
| 29:03 | Construir | House |
| 29:05 | Construir | House |
| 29:11 | Crear | Spearman |
| 29:11 | Crear | Spearman |
| 29:12 | Crear | Spearman |
| 29:13 | Crear | Spearman |
| 29:15 | Construir | Farm |
| 29:29 | Edad | Edad de los Castillos |
| 29:38 | Crear | Villager (Male) |
| 29:50 | Construir | Town Center |
| 29:58 | Crear | Villager (Male) |
| 29:59 | Crear | Villager (Male) |
| 30:19 | Construir | House |
| 30:27 | Investigar | Squires |
| 30:27 | Investigar | Squires |
| 30:30 | Investigar | Pikeman (upgrade) |
| 30:31 | Investigar | Pikeman (upgrade) |
Build order — CSA_HW_Mercer
Primeras 150 de 162 acciones detectadas
| 0:19 | Construir | Town Center |
| 2:06 | Crear | Villager (Male) |
| 2:06 | Crear | Villager (Male) |
| 2:06 | Crear | Villager (Male) |
| 2:17 | Crear | Villager (Male) |
| 3:38 | Crear | Villager (Male) |
| 4:07 | Crear | Villager (Male) |
| 4:07 | Crear | Villager (Male) |
| 4:32 | Crear | Villager (Male) |
| 5:03 | Crear | Villager (Male) |
| 6:07 | Crear | Villager (Male) |
| 6:07 | Crear | Villager (Male) |
| 6:23 | Crear | Villager (Male) |
| 6:32 | Construir | Mill |
| 7:26 | Crear | Villager (Male) |
| 7:40 | Crear | Villager (Male) |
| 7:40 | Crear | Villager (Male) |
| 7:50 | Crear | Villager (Male) |
| 7:50 | Crear | Villager (Male) |
| 7:57 | Crear | Villager (Male) |
| 8:05 | Crear | Villager (Male) |
| 8:21 | Crear | Villager (Male) |
| 8:52 | Investigar | Loom |
| 9:19 | Construir | Lumber Camp |
| 9:23 | Crear | Villager (Male) |
| 10:05 | Investigar | Feudal Age |
| 10:16 | Construir | Mining Camp |
| 10:58 | Crear | Villager (Male) |
| 10:58 | Crear | Villager (Male) |
| 11:20 | Crear | Villager (Male) |
| 11:20 | Crear | Villager (Male) |
| 11:30 | Construir | Barracks |
| 12:06 | Crear | Villager (Male) |
| 12:07 | Crear | Villager (Male) |
| 12:15 | Edad | Edad Feudal |
| 12:41 | Construir | Archery Range |
| 12:48 | Construir | Blacksmith |
| 14:50 | Investigar | Castle Age |
| 15:09 | Construir | Archery Range |
| 15:50 | Investigar | Double-Bit Axe |
| 16:12 | Investigar | Fletching |
| 17:23 | Investigar | Gold Mining |
| 17:28 | Crear | Villager (Male) |
| 17:28 | Crear | Villager (Male) |
| 17:30 | Edad | Edad de los Castillos |
| 17:41 | Construir | Town Center |
| 17:52 | Crear | Cavalry Archer |
| 17:52 | Crear | Cavalry Archer |
| 18:32 | Crear | Cavalry Archer |
| 18:32 | Crear | Cavalry Archer |
| 18:38 | Construir | Stable |
| 18:56 | Crear | Villager (Male) |
| 18:57 | Crear | Villager (Male) |
| 19:07 | Construir | Market |
| 19:09 | Crear | Cavalry Archer |
| 19:10 | Crear | Cavalry Archer |
| 19:31 | Crear | Cavalry Archer |
| 19:31 | Crear | Cavalry Archer |
| 19:31 | Crear | Villager (Male) |
| 19:47 | Crear | Cavalry Archer |
| 19:47 | Crear | Cavalry Archer |
| 19:48 | Crear | Cavalry Archer |
| 19:54 | Crear | Villager (Male) |
| 19:54 | Crear | Villager (Male) |
| 20:53 | Crear | Cavalry Archer |
| 20:54 | Crear | Cavalry Archer |
| 20:55 | Crear | Villager (Male) |
| 21:09 | Construir | Farm |
| 21:10 | Construir | Farm |
| 21:12 | Crear | Cavalry Archer |
| 21:12 | Crear | Cavalry Archer |
| 21:26 | Crear | Villager (Male) |
| 21:28 | Construir | Farm |
| 21:29 | Construir | Farm |
| 21:31 | Construir | Farm |
| 21:34 | Construir | Farm |
| 21:35 | Crear | Villager (Male) |
| 21:35 | Crear | Villager (Male) |
| 21:37 | Crear | Villager (Male) |
| 22:05 | Crear | Cavalry Archer |
| 22:05 | Crear | Cavalry Archer |
| 22:05 | Crear | Cavalry Archer |
| 22:40 | Investigar | Bodkin Arrow |
| 22:58 | Construir | Town Center |
| 23:13 | Crear | Cavalry Archer |
| 23:18 | Crear | Villager (Male) |
| 23:18 | Crear | Villager (Male) |
| 23:21 | Construir | Farm |
| 23:22 | Construir | Farm |
| 23:23 | Construir | Farm |
| 23:26 | Construir | Farm |
| 23:27 | Construir | Farm |
| 23:28 | Crear | Villager (Male) |
| 23:46 | Crear | Villager (Male) |
| 23:54 | Crear | Villager (Male) |
| 24:57 | Crear | Cavalry Archer |
| 24:57 | Crear | Cavalry Archer |
| 24:57 | Crear | Cavalry Archer |
| 24:58 | Crear | Cavalry Archer |
| 25:12 | Investigar | Thumb Ring |
| 25:13 | Crear | Cavalry Archer |
| 25:18 | Construir | Farm |
| 25:19 | Construir | Farm |
| 25:27 | Crear | Villager (Male) |
| 26:04 | Crear | Cavalry Archer |
| 26:04 | Crear | Cavalry Archer |
| 26:05 | Crear | Cavalry Archer |
| 26:41 | Crear | Cavalry Archer |
| 26:41 | Crear | Cavalry Archer |
| 27:01 | Crear | Cavalry Archer |
| 27:01 | Crear | Cavalry Archer |
| 27:02 | Crear | Villager (Male) |
| 27:06 | Investigar | Husbandry |
| 27:16 | Investigar | Wheelbarrow |
| 27:18 | Construir | Lumber Camp |
| 27:19 | Crear | Villager (Male) |
| 27:22 | Investigar | Padded Archer Armor |
| 27:23 | Crear | Villager (Male) |
| 27:23 | Crear | Villager (Male) |
| 27:27 | Construir | Mining Camp |
| 27:30 | Crear | Villager (Male) |
| 27:37 | Construir | University |
| 27:39 | Crear | Villager (Male) |
| 27:42 | Crear | Cavalry Archer |
| 28:18 | Crear | Villager (Male) |
| 28:18 | Crear | Villager (Male) |
| 28:26 | Crear | Villager (Male) |
| 28:26 | Crear | Villager (Male) |
| 28:29 | Construir | Farm |
| 28:29 | Construir | Farm |
| 28:48 | Investigar | Bloodlines |
| 28:53 | Construir | Farm |
| 28:55 | Construir | Farm |
| 28:56 | Construir | Farm |
| 28:58 | Crear | Villager (Male) |
| 29:39 | Crear | Cavalry Archer |
| 29:39 | Crear | Cavalry Archer |
| 29:39 | Crear | Cavalry Archer |
| 29:41 | Crear | Villager (Male) |
| 29:41 | Crear | Villager (Male) |
| 29:43 | Crear | Villager (Male) |
| 30:14 | Crear | Cavalry Archer |
| 30:14 | Crear | Cavalry Archer |
| 30:15 | Crear | Cavalry Archer |
| 30:16 | Crear | Villager (Male) |
| 30:18 | Construir | Archery Range |
| 30:23 | Crear | Cavalry Archer |
| 30:24 | Crear | Cavalry Archer |
| 31:09 | Crear | Cavalry Archer |
| 31:09 | Crear | Cavalry Archer |
Cronología de la partida
| 5:02 | _dRix4_ · wall_segment Palisade Wall x9 |
| 6:27 | thison · wall_segment Palisade Wall x1 |
| 7:50 | _dRix4_ · wall_segment Palisade Wall x1 |
| 10:12 | thison · wall_segment Palisade Wall x1 |
| 11:30 | CSA_HW_Mercer · first_building Barracks |
| 12:05 | sillyoyo · wall_segment Palisade Wall x16 |
| 12:12 | bob · first_building Barracks |
| 12:15 | CSA_HW_Mercer · age_up feudal |
| 12:28 | thison · first_building Barracks |
| 12:41 | CSA_HW_Mercer · first_building Archery Range |
| 13:15 | thison · age_up feudal |
| 13:18 | sillyoyo · first_building Barracks |
| 13:21 | l7i3g0 · wall_segment Palisade Wall x4 |
| 13:33 | NotUseful · age_up feudal |
| 13:38 | l7i3g0 · first_building Barracks |
| 13:50 | bob · age_up feudal |
| 13:52 | bob · first_building Stable |
| 13:59 | sbdelaowai · age_up feudal |
| 14:11 | sillyoyo · wall_segment Palisade Wall x8 |
| 14:29 | sbdelaowai · wall_segment Palisade Wall x1 |
| 14:39 | l7i3g0 · wall_segment Palisade Wall x4 |
| 14:42 | NotUseful · first_market_buy 100 food |
| 14:44 | l7i3g0 · age_up feudal |
| 14:47 | sillyoyo · age_up feudal |
| 14:51 | l7i3g0 · first_building Stable |
| 14:56 | sillyoyo · first_building Archery Range |
| 14:57 | sbdelaowai · first_market_sell 100 food |
| 15:11 | sillyoyo · wall_segment Palisade Wall x1 |
| 15:35 | _dRix4_ · age_up feudal |
| 15:41 | sbdelaowai · wall_segment Palisade Wall x1 |
| 15:42 | sbdelaowai · wall_segment Palisade Wall x1 |
| 16:12 | sillyoyo · wall_segment Palisade Wall x15 |
| 16:32 | l7i3g0 · first_building Archery Range |
| 16:38 | sillyoyo · wall_segment Palisade Wall x1 |
| 16:40 | sillyoyo · wall_segment Palisade Wall x1 |
| 16:48 | sillyoyo · wall_segment Palisade Wall x1 |
| 16:49 | sillyoyo · wall_segment Palisade Wall x1 |
| 16:51 | sillyoyo · wall_segment Palisade Wall x1 |
| 16:55 | sillyoyo · wall_segment Palisade Wall x1 |
| 16:57 | sillyoyo · wall_segment Palisade Wall x1 |
| 16:59 | sillyoyo · wall_segment Palisade Wall x1 |
| 17:13 | sillyoyo · wall_segment Palisade Wall x1 |
| 17:16 | sillyoyo · wall_segment Palisade Wall x1 |
| 17:20 | sillyoyo · wall_segment Palisade Wall x1 |
| 17:25 | NotUseful · age_up castle |
| 17:30 | CSA_HW_Mercer · age_up castle |
| 17:37 | _dRix4_ · first_market_sell 500 wood |
| 17:39 | sbdelaowai · age_up castle |
| 17:44 | sbdelaowai · first_building Castle |
| 17:45 | bob · age_up castle |
| 17:57 | sbdelaowai · wall_segment Palisade Wall x1 |
| 17:59 | sillyoyo · wall_segment Palisade Wall x9 |
| 18:00 | sbdelaowai · wall_segment Palisade Wall x1 |
| 18:01 | sillyoyo · wall_segment Palisade Wall x9 |
| 18:01 | sbdelaowai · wall_segment Palisade Wall x1 |
| 18:14 | bob · first_building Siege Workshop |
| 18:37 | NotUseful · wall_segment Palisade Wall x1 |
| 18:38 | CSA_HW_Mercer · first_building Stable |
| 18:39 | NotUseful · wall_segment Palisade Wall x1 |
| 18:45 | NotUseful · wall_segment Palisade Wall x1 |
| 18:48 | sillyoyo · wall_segment Palisade Wall x1 |
| 18:51 | NotUseful · wall_segment Palisade Wall x1 |
| 18:54 | NotUseful · wall_segment Palisade Wall x1 |
| 19:00 | NotUseful · wall_segment Palisade Wall x1 |
| 19:04 | NotUseful · wall_segment Palisade Wall x1 |
| 19:05 | sillyoyo · wall_segment Palisade Wall x1 |
| 19:11 | NotUseful · wall_segment Palisade Wall x1 |
| 19:16 | l7i3g0 · wall_segment Palisade Wall x5 |
| 20:20 | _dRix4_ · age_up castle |
| 20:24 | sillyoyo · wall_segment Palisade Wall x4 |
| 20:27 | sillyoyo · wall_segment Palisade Wall x4 |
| 20:40 | _dRix4_ · first_market_buy 100 wood |
| 21:00 | CSA_HW_Mercer · first_market_buy 100 food |
| 21:02 | _dRix4_ · first_building Castle |
| 21:44 | l7i3g0 · wall_segment Palisade Wall x6 |
| 22:38 | sbdelaowai · first_building Siege Workshop |
| 22:50 | l7i3g0 · age_up castle |
| 22:52 | NotUseful · first_building Monastery |
| 23:58 | sbdelaowai · first_building Monastery |
| 24:16 | sillyoyo · first_market_buy 500 food |
| 24:58 | sillyoyo · wall_segment Palisade Wall x1 |
| 25:01 | sillyoyo · wall_segment Palisade Wall x1 |
| 25:04 | sillyoyo · wall_segment Palisade Wall x1 |
| 25:16 | thison · wall_segment Palisade Wall x11 |
| 25:44 | NotUseful · first_building Barracks |
| 25:53 | sbdelaowai · wall_segment Stone Wall x1 |
| 26:20 | NotUseful · first_building Stable |
| 26:41 | thison · first_market_buy 100 food |
| 26:56 | _dRix4_ · first_building Siege Workshop |
| 28:07 | sillyoyo · wall_segment Palisade Wall x1 |
| 28:09 | thison · wall_segment Palisade Wall x1 |
| 29:29 | thison · age_up castle |
| 29:50 | l7i3g0 · first_building Castle |
| 30:14 | sbdelaowai · wall_segment Stone Wall x1 |
| 30:55 | NotUseful · first_building Castle |
| 31:34 | thison · first_building Castle |
| 31:39 | sillyoyo · age_up castle |
| 31:43 | bob · resign |
[ ANÁLISIS IA · 1 CRÉDITO ]
¿Qué pasó realmente en esta partida?
Wolo.gg analiza cada decisión: build order, eco, micro, errores típicos por bracket. Análisis personalizado por WhatsApp o Discord en 30 segundos.
Guía civ
Lituanos
Perfil
Jugador #474731